Map: Newkirk Precinct TE (Void)

Players

Entelechy

  • Race: Protoss Protoss
  • Spawn Location: 7:00

Fropez - Winner!

  • Race: Protoss Protoss
  • League: Gold
  • Spawn Location: 5:00

VOD

Have the link to the VOD?

Description

Time

  • Played on: Jan. 24, 2017, 6:49 p.m.
  • Length: 8:38
Show
View Real Time Build Order
Export as new Build Order

Entelechy Protoss 

Build Orders: Oracle Opening 

Get SALT Encoding   

  12  0:17  Pylon  
  12  0:23  Assimilator  
  12  0:25  Assimilator  
  12  0:32  Probe (Chrono Boost)  
  13  0:42  Probe (Chrono Boost)  
  14  0:53  Probe (Chrono Boost)  
  15  1:03  Probe (Chrono Boost)  
  16  1:17  Probe (Chrono Boost)  
  17  1:25  Gateway  
  17  1:27  Probe (Chrono Boost)  
  18  1:33  Pylon  
  18  1:43  Assimilator  
  18  1:50  Probe (Chrono Boost)  
  19  2:00  Probe (Chrono Boost)  
  20  2:11  Probe (Chrono Boost)  
  20  2:15  Cybernetics Core  
  21  2:21  Probe (Chrono Boost)  
  22  2:32  Probe (Chrono Boost)  
  23  2:43  Probe (Chrono Boost)  
  24  2:53  Stargate  
  24  2:54  Stargate  
  24  3:02  Stargate  
  24  3:26  Nexus  
  24  3:39  Oracle  
  27  3:44  Oracle  
  30  4:10  Pylon  
  30  4:27  Oracle x2  
  40  4:39  Mothership Core (Chrono Boost)  
  40  5:00  Forge  
  40  5:08  Pylon  
  40  5:12  Stalker  
  37  5:43  Void Ray x2  
  45  6:02  Void Ray  
  49  6:05  Probe (Chrono Boost)  
  49  6:10  Assimilator  
  50  6:15  Probe (Chrono Boost)  
  45  6:26  Probe (Chrono Boost)  
  45  6:30  Void Ray  
  47  6:37  Probe (Chrono Boost)  
  48  6:47  Probe (Chrono Boost)  
  49  6:57  Assimilator  
  49  6:58  Probe (Chrono Boost)  
  51  7:08  Probe (Chrono Boost)  
  51  7:19  Probe (Chrono Boost)  
  52  7:29  Probe (Chrono Boost)  
  45  7:40  Void Ray x2  
  49  7:50  Probe (Chrono Boost)  
  50  8:02  Probe (Chrono Boost)  
  51  8:09  Photon Cannon  
  51  8:11  Photon Cannon  
  51  8:12  Photon Cannon  
  52  8:14  Probe (Chrono Boost)  
  52  8:15  Photon Cannon  
  52  8:16  Pylon  
  52  8:26  Probe (Chrono Boost)  
Show
View Real Time Build Order
Export as new Build Order

Fropez Protoss - Winner!

Build Orders: 1 Gate Expand 

Get SALT Encoding   

  12  0:01  Probe (Chrono Boost)  
  13  0:11  Probe (Chrono Boost)  
  14  0:19  Pylon  
  14  0:22  Probe (Chrono Boost)  
  15  0:34  Assimilator  
  15  0:37  Probe (Chrono Boost)  
  16  0:45  Gateway  
  16  0:48  Probe (Chrono Boost)  
  17  0:58  Probe (Chrono Boost)  
  18  1:10  Probe (Chrono Boost)  
  18  1:21  Probe (Chrono Boost)  
  19  1:29  Nexus  
  19  1:42  Cybernetics Core  
  19  1:48  Pylon  
  19  1:54  Pylon  
  19  1:55  Zealot  
  21  2:04  Probe (Chrono Boost)  
  22  2:14  Warp Gate  
  22  2:21  Adept  
  22  2:22  Mothership Core (Chrono Boost)  
  26  2:36  Pylon  
  26  2:41  Probe (Chrono Boost)  
  27  2:46  Probe (Chrono Boost)  
  28  2:53  Probe (Chrono Boost)  
  28  2:57  Probe (Chrono Boost)  
  30  3:00  Adept  
  30  3:03  Assimilator  
  33  3:06  Probe (Chrono Boost)  
  33  3:07  Probe (Chrono Boost)  
  33  3:09  Gateway  
  34  3:13  Gateway  
  34  3:18  Probe (Chrono Boost)  
  34  3:19  Probe (Chrono Boost)  
  36  3:42  Probe (Chrono Boost)  
  36  3:43  Pylon  
  36  3:44  Probe (Chrono Boost)  
  36  3:46  Pylon  
  38  3:51  Robotics Facility  
  38  3:53  Probe (Chrono Boost)  
  40  3:56  Probe (Chrono Boost)  
  40  4:03  Probe (Chrono Boost)  
  40  4:06  Assimilator  
  40  4:08  Probe (Chrono Boost)  
  42  4:14  Probe (Chrono Boost)  
  43  4:18  Twilight Council  
  43  4:22  Probe (Chrono Boost)  
  44  4:25  Stalker x2  
  44  4:26  Stalker  
  50  4:38  Observer  
  50  4:45  Pylon  
  53  4:46  Probe (Chrono Boost), Assimilator  
  53  4:47  Probe (Chrono Boost)  
  53  4:51  Pylon, Stalker x2  
  55  4:56  Adept  
  55  5:18  Stalker x2  
  55  5:19  Stalker  
  61  5:32  Warp Prism  
  63  5:50  Blink  
  63  6:04  Stalker x3  
  69  6:14  Gateway  
  69  6:15  Gateway  
  63  6:28  Stalker x2  
  65  6:42  Stalker  
  67  6:55  Stalker x2  
  71  7:17  Nexus  
  71  7:20  Forge  
  71  7:21  Forge, Assimilator  
  71  7:25  Forge, Assimilator  
  71  7:27  Stalker x3  
  71  7:29  Pylon  
  77  7:33  Pylon  
  73  7:50  Stalker  
  75  7:54  Probe x2 (Chrono Boost)  
  78  8:14  Probe x2 (Chrono Boost)  
  79  8:22  Nexus  
  79  8:25  Assimilator  
  79  8:29  Assimilator  
  79  8:30  Pylon  
Tags
 
Add a new tag
Caveats
  • Supply blocks, unpowered buildings, or Contaminate may cause inaccurate times.
  • Supply counts are checked every 10 seconds.